SKY
COLORADO ROCKIES @ HOUSTON ASTROS
05/07/2052
 
TOP OF THE 1ST
Colorado Rockies batting - Pitching for Houston Astros : RHP Julius Mueller
Pitching: RHP Julius Mueller
Batting: RHB Kymani Whitley 0-0: Called Strike
0-1: Ground out 5-3 (Groundball, 56, EV 84.4 MPH)
Batting: LHB Landon Ramsburg 0-0: Fly out, F8 (Line Drive, 8RD, EV 88.8 MPH)
Batting: RHB Henry Vandervort 0-0: Ball
1-0: Ball
2-0: Ball
3-0: Base on Balls
Batting: RHB Keiran Coleman 0-0: Ball
1-0: Called Strike
1-1: Ball
2-1: Called Strike
2-2: Ball
3-2: Strikes out swinging
Top of the 1st over - 0 runs, 0 hits, 0 errors, 1 left on base; Colorado 0 - Houston 0
BOTTOM OF THE 1ST
Houston Astros batting - Pitching for Colorado Rockies : LHP Nick Garcia
Pitching: LHP Nick Garcia
Batting: LHB Burl Shearer 0-0: Called Strike
0-1: Swinging Strike
0-2: Ball
1-2: Foul Ball, location: 7LMF
1-2: Ground out 6-3 (Groundball, 6S, EV 66.3 MPH)
Batting: RHB Bill Thyfault 0-0: Ball
1-0: Called Strike
1-1: Ball
2-1: Foul Ball, location: 5F
2-2: Foul Ball, location: 2F
2-2: Ground out 5-3 (Groundball, 56S, EV 86.3 MPH)
Batting: RHB Nicky Alvarez 0-0: Ball
1-0: Ball
2-0: Fly out, F2 (Popup, 23F, EV 84.4 MPH)
Bottom of the 1st over - 0 runs, 0 hits, 0 errors, 0 left on base; Colorado 0 - Houston 0
TOP OF THE 2ND
Colorado Rockies batting - Pitching for Houston Astros : RHP Julius Mueller
Batting: LHB Chevy Morris 0-0: Foul Ball, location: 7LMF
0-1: Ball
1-1: Called Strike
1-2: Ground out 3-1 (Groundball, 13, EV 91.9 MPH)
Batting: RHB Vic Soler 0-0: Foul Ball, location: 2F
0-1: Ground out 6-3 (Groundball, 6, EV 82.5 MPH)
Batting: LHB Thomas Smith 0-0: Swinging Strike
0-1: Foul Ball, location: 2RF
0-2: Strikes out looking
Top of the 2nd over - 0 runs, 0 hits, 0 errors, 0 left on base; Colorado 0 - Houston 0
BOTTOM OF THE 2ND
Houston Astros batting - Pitching for Colorado Rockies : LHP Nick Garcia
Batting: RHB P.J. Sandino 0-0: Ball
1-0: Reached on error, E6 (Groundball, 6S, EV 73.8 MPH)
Batting: LHB Fallon Harrigan 0-0: Swinging Strike
0-1: Foul Ball, location: 7LMF
0-2: Ground out 4-3 (Groundball, 4S, EV 68.8 MPH)
P.J. Sandino to second
Batting: RHB Nick Burkard 0-0: Ball
1-0: Ground out 5-3 (Groundball, 56S, EV 86.9 MPH)
Batting: RHB Stephan Davis 0-0: Ball
1-0: Ball
2-0: Swinging Strike
2-1: Fly out, F3 (Popup, 3, EV 74.4 MPH)
Bottom of the 2nd over - 0 runs, 0 hits, 1 error, 1 left on base; Colorado 0 - Houston 0
TOP OF THE 3RD
Colorado Rockies batting - Pitching for Houston Astros : RHP Julius Mueller
Batting: LHB Garrett Clark 0-0: Ball
1-0: Called Strike
1-1: Ground out 6-3 (Groundball, 6, EV 98.1 MPH)
Batting: RHB Vincent Gadd 0-0: Ground out 6-3 (Groundball, 6, EV 86.9 MPH)
Batting: RHB Kymani Whitley 0-0: Ball
1-0: Ground out 6-3 (Groundball, 6D, EV 94.4 MPH)
Top of the 3rd over - 0 runs, 0 hits, 0 errors, 0 left on base; Colorado 0 - Houston 0
BOTTOM OF THE 3RD
Houston Astros batting - Pitching for Colorado Rockies : LHP Nick Garcia
Batting: RHB Joshua Massengill 0-0: Ball
1-0: Called Strike
1-1: Foul Ball, location: 9LMF
1-2: Foul Ball, location: 5SF
1-2: Ball
2-2: Ball
3-2: Ground out 6-3 (Groundball, 6D, EV 104.4 MPH)
Batting: LHB Vasques Cortes 0-0: SINGLE (Groundball, 6MD, EV 101.9 MPH)
Batting: LHB Burl Shearer 0-0: Ball
1-0: Called Strike
1-1: Called Strike
1-2: Ball
2-2: Fielders Choice at 2nd, 4-6 (Groundball, 4, EV 85.0 MPH)
Batting: RHB Bill Thyfault 0-0: Ball
Burl Shearer steals 2nd base
1-0: DOUBLE (Line Drive, 9LS, EV 106.3 MPH)
Burl Shearer scores
Batting: RHB Nicky Alvarez 0-0: Called Strike
0-1: Swinging Strike
0-2: Fly out, F9 (Line Drive, 89M, EV 84.4 MPH)
Bottom of the 3rd over - 1 run, 2 hits, 0 errors, 1 left on base; Colorado 0 - Houston 1
TOP OF THE 4TH
Colorado Rockies batting - Pitching for Houston Astros : RHP Julius Mueller
Batting: LHB Landon Ramsburg 0-0: Called Strike
0-1: Ball
1-1: Foul Ball, location: 2F
1-2: Ball
2-2: Fly out, F8 (Flyball, 8RD, EV 95.6 MPH)
Batting: RHB Henry Vandervort 0-0: Swinging Strike
0-1: Ball
1-1: Ground out 4-3 (Groundball, 4S, EV 85.0 MPH)
Batting: RHB Keiran Coleman 0-0: Called Strike
0-1: Called Strike
0-2: Strikes out swinging
Top of the 4th over - 0 runs, 0 hits, 0 errors, 0 left on base; Colorado 0 - Houston 1
BOTTOM OF THE 4TH
Houston Astros batting - Pitching for Colorado Rockies : LHP Nick Garcia
Batting: RHB P.J. Sandino 0-0: Called Strike
0-1: Called Strike
0-2: Ball
1-2: Ball
2-2: SINGLE (Groundball, 3D, EV 108.1 MPH) (infield hit)
Batting: LHB Fallon Harrigan 0-0: Called Strike
0-1: Ball
1-1: Swinging Strike
1-2: Foul Ball, location: 2F
1-2: Ball
2-2: Foul Ball, location: 25FF
2-2: Foul Ball, location: 9LMF
2-2: Strikes out looking
Batting: RHB Nick Burkard 0-0: Foul Ball, location: 2F
0-1: Ground out 4-3 (Groundball, 4, EV 71.9 MPH)
P.J. Sandino to second
Batting: RHB Stephan Davis 0-0: Called Strike
0-1: Foul Ball, location: 23F
0-2: Foul Ball, location: 5SF
0-2: Strikes out swinging
Bottom of the 4th over - 0 runs, 1 hit, 0 errors, 1 left on base; Colorado 0 - Houston 1
TOP OF THE 5TH
Colorado Rockies batting - Pitching for Houston Astros : RHP Julius Mueller
Batting: LHB Chevy Morris 0-0: Called Strike
0-1: Ball
1-1: Swinging Strike
1-2: Ball
2-2: Ball
3-2: Strikes out swinging
Batting: RHB Vic Soler 0-0: Called Strike
0-1: Ball
1-1: Ball
2-1: Foul Ball, location: 2F
2-2: Foul Ball, location: 5SF
2-2: Fly out, F4 (Line Drive, 4, EV 65.0 MPH)
Batting: LHB Thomas Smith 0-0: Ball
1-0: Foul Ball, location: 2F
1-1: Fly out, F5 (Popup, 5SF, EV 81.9 MPH)
Top of the 5th over - 0 runs, 0 hits, 0 errors, 0 left on base; Colorado 0 - Houston 1
BOTTOM OF THE 5TH
Houston Astros batting - Pitching for Colorado Rockies : LHP Nick Garcia
Batting: RHB Joshua Massengill 0-0: Ball
1-0: Foul Ball, location: 2F
1-1: Foul Ball, location: 2F
1-2: Foul Ball, location: 5F
1-2: Ball
2-2: Foul Ball, location: 9LSF
2-2: Fly out, F8 (Flyball, 8RS, EV 93.8 MPH)
Batting: LHB Vasques Cortes 0-0: Fly out, F9 (Flyball, 9S, EV 89.4 MPH)
Batting: LHB Burl Shearer 0-0: Ball
1-0: Ball
2-0: SINGLE (Line Drive, 78M, EV 91.9 MPH)
Batting: RHB Bill Thyfault 0-0: Fly out, F8 (Flyball, 8LD, EV 105.6 MPH)
Bottom of the 5th over - 0 runs, 1 hit, 0 errors, 1 left on base; Colorado 0 - Houston 1
TOP OF THE 6TH
Colorado Rockies batting - Pitching for Houston Astros : RHP Julius Mueller
Batting: LHB Garrett Clark 0-0: Called Strike
0-1: Foul Ball, location: 5F
0-2: Ball
1-2: Foul Ball, location: 7LSF
1-2: Strikes out looking
Batting: RHB Vincent Gadd 0-0: Ball
1-0: Ball
2-0: Foul Ball, location: 5SF
2-1: Swinging Strike
2-2: Strikes out swinging
Batting: RHB Kymani Whitley 0-0: Ball
1-0: Foul Ball, location: 25F
1-1: Foul Ball, location: 2F
1-2: Foul Ball, location: 2F
1-2: SINGLE (Line Drive, 78S, EV 106.9 MPH)
Batting: LHB Landon Ramsburg 0-0: Ball
1-0: Ball
2-0: Foul Ball, location: 3F
2-1: Ball
3-1: Foul Ball, location: 7LDF
3-2: Ground out 4-3 (Groundball, 4M, EV 86.9 MPH)
Top of the 6th over - 0 runs, 1 hit, 0 errors, 1 left on base; Colorado 0 - Houston 1
BOTTOM OF THE 6TH
Houston Astros batting - Pitching for Colorado Rockies : LHP Nick Garcia
Batting: RHB Nicky Alvarez 0-0: Called Strike
0-1: Foul Ball, location: 3FF
0-2: Foul Ball, location: 2F
0-2: Ball
1-2: Strikes out swinging
Batting: RHB P.J. Sandino 0-0: Called Strike
0-1: Ball
1-1: Fly out, F4 (Flyball, 34D, EV 86.3 MPH)
Batting: LHB Fallon Harrigan 0-0: Ball
1-0: Ball
2-0: Ball
3-0: Base on Balls
Pitching: RHP J.J. Levy
Batting: RHB Nick Burkard 0-0: Called Strike
Fallon Harrigan steals 2nd base
0-1: Ball
1-1: Ball
2-1: Swinging Strike
2-2: Foul Ball, location: 2F
2-2: Strikes out looking
Bottom of the 6th over - 0 runs, 0 hits, 0 errors, 1 left on base; Colorado 0 - Houston 1
TOP OF THE 7TH
Colorado Rockies batting - Pitching for Houston Astros : RHP Julius Mueller
Batting: RHB Henry Vandervort 0-0: Fly out, F7 (Flyball, 7S, EV 87.5 MPH)
Batting: RHB Keiran Coleman 0-0: Called Strike
0-1: Called Strike
0-2: Foul Ball, location: 5FF
0-2: Ball
1-2: Ball
2-2: Ball
3-2: Foul Ball, location: 2F
3-2: Strikes out swinging
Batting: LHB Chevy Morris 0-0: Foul Ball, location: 2F
0-1: Foul Ball, location: 3FF
0-2: Strikes out swinging
Top of the 7th over - 0 runs, 0 hits, 0 errors, 0 left on base; Colorado 0 - Houston 1
BOTTOM OF THE 7TH
Houston Astros batting - Pitching for Colorado Rockies : RHP J.J. Levy
Batting: RHB Stephan Davis 0-0: Ball
1-0: Swinging Strike
1-1: Swinging Strike
1-2: Strikes out swinging
Batting: RHB Joshua Massengill 0-0: Ground out 4-3 (Groundball, 4, EV 82.5 MPH)
Batting: LHB Vasques Cortes 0-0: Ground out U3 (Groundball, 3S, EV 66.3 MPH)
Bottom of the 7th over - 0 runs, 0 hits, 0 errors, 0 left on base; Colorado 0 - Houston 1
TOP OF THE 8TH
Colorado Rockies batting - Pitching for Houston Astros : RHP Julius Mueller
Batting: RHB Vic Soler 0-0: Foul Ball, location: 2F
0-1: Swinging Strike
0-2: SINGLE (Line Drive, 5D, EV 107.5 MPH)
Pitching: LHP Jake Keeler
Batting: LHB Thomas Smith 0-0: Bunt missed!
0-1: Sac Bunt to P - play at first, batter OUT! 1-3
Vic Soler to second
Pinch Hitting: RHB Jovanny Velasquez 0-0: Ball
1-0: Swinging Strike
1-1: Foul Ball, location: 9LDF
1-2: DOUBLE (Line Drive, 7LM, EV 96.3 MPH)
Vic Soler scores
Batting: RHB Vincent Gadd 0-0: Swinging Strike
0-1: Ball
1-1: Fly out, F8 (Flyball, 8RD, EV 93.8 MPH)
Batting: RHB Kymani Whitley 0-0: Called Strike
0-1: Foul Ball, location: 2F
0-2: Ball
1-2: Ball
2-2: Ball
3-2: Foul Ball, location: 9LSF
3-2: Foul Ball, location: 7LSFF
3-2: Base on Balls
Pinch Hitting: RHB Roberto Soto 0-0: Ball
1-0: Ball
2-0: Called Strike
2-1: Foul Ball, location: 23F
2-2: Strikes out swinging
Top of the 8th over - 1 run, 2 hits, 0 errors, 2 left on base; Colorado 1 - Houston 1
BOTTOM OF THE 8TH
Houston Astros batting - Pitching for Colorado Rockies : RHP J.J. Levy
Now at 1B: Jovanny Velasquez
Now in CF: Jonas Aguillon
Batting: LHB Burl Shearer 0-0: SINGLE (Groundball, 34D, EV 95.6 MPH)
Pinch Hitting: LHB Austin Mitchell 0-0: Ball
1-0: SINGLE (Line Drive, 34D, EV 96.3 MPH)
Burl Shearer to second
Runner from 2nd tries for 3rd, SAFE, throw by RF made to third
Pinch Hitting: LHB Caleb England 0-0: Called Strike
0-1: Fly out, F8 (Flyball, 8LD, EV 108.1 MPH)
Runner from 3rd tags up, SCORES, throw by CF
Batting: RHB P.J. Sandino 0-0: Foul Ball, location: 2RF
0-1: Foul Ball, location: 25F
0-2: Foul Ball, location: 2F
0-2: Strikes out swinging
Batting: LHB Fallon Harrigan 0-0: Ball
1-0: Called Strike
1-1: Called Strike
Austin Mitchell steals 2nd base
1-2: Strikes out swinging
Bottom of the 8th over - 1 run, 2 hits, 0 errors, 1 left on base; Colorado 1 - Houston 2
TOP OF THE 9TH
Colorado Rockies batting - Pitching for Houston Astros : LHP Jake Keeler
Pitching: RHP Pedro Osorio
Now in LF: Ian Heffron
Now in CF: Fallon Harrigan
Now in RF: Austin Mitchell
Batting: RHB Henry Vandervort 0-0: Fly out, F8 (Flyball, 8LXD, EV 111.9 MPH)
Batting: RHB Keiran Coleman 0-0: Ball
1-0: Called Strike
1-1: Ball
2-1: Ball
3-1: Base on Balls
Batting: LHB Chevy Morris 0-0: Ball
1-0: Hit by Pitch
Keiran Coleman to second
Batting: RHB Vic Soler 0-0: Called Strike
0-1: Fly out, F8 (Flyball, 8RD, EV 97.5 MPH)
Batting: LHB Thomas Smith 0-0: Swinging Strike
0-1: Swinging Strike
0-2: Ball
1-2: Foul Ball, location: 23F
1-2: Strikes out swinging
Top of the 9th over - 0 runs, 0 hits, 0 errors, 2 left on base; Colorado 1 - Houston 2
Saturday, April 20th , 2024 - OOTP Baseball 24.11 Build 85